 Dungeon Crawl Stone Soup version 0.26.1-11-gd32895ea62 (webtiles) character file.

Game seed: 8723839410368368769

102 Zeld the Cudgeller (level 4, -1/34 (37) HPs)
             Began as a Draconian Gladiator on June 13, 2021.
             Slain by a gnoll
             ... wielding a +0 whip
              (4 damage)
             ... on level 1 of the Dungeon.
             The game lasted 00:03:29 (1743 turns).

Zeld the Cudgeller (Draconian Gladiator)            Turns: 1743, Time: 00:03:30

HP:   -1/34 (37)    AC:  5    Str: 17    XL:     4   Next: 50%
MP:   2/4           EV: 13    Int:  9    God:
Gold: 65            SH:  0    Dex: 12    Spells: 3/3 levels left

rFire    . . .     SeeInvis .   a - +0 flail
rCold    . . .     Faith    .   (no shield)
rNeg     . . .     Spirit   .   (armour unavailable)
rPois    .         Reflect  .   b - +0 hat
rElec    .         Harm     .   k - scarf {+Inv}
rCorr    .         Rampage  .   (no gloves)
Will     .....                  (no boots)
Stlth    +.........             (no amulet)
HPRegen  0.11/turn              (no ring)
MPRegen  0.09/turn              (no ring)

@: very slightly contaminated, drained, invisible
A: unfitting armour, cold-blooded, AC +5
a: Evoke Invisibility


You were on level 1 of the Dungeon.
You visited 1 branch of the dungeon, and saw 2 of its levels.

You collected 65 gold pieces.

Inventory:

Hand Weapons
 a - a +0 flail (weapon)
Missiles
 c - 3 throwing nets
 h - 48 stones (quivered)
 l - 40 poisoned darts
Armour
 b - a +0 hat (worn)
 k - a scarf of invisibility (worn)
Jewellery
 g - an uncursed ring of fire {unknown}
Scrolls
 i - 2 scrolls of amnesia {unknown}
 j - a scroll of teleportation {unknown}
 n - a scroll of immolation {unknown}
 o - a scroll of enchant weapon {unknown}
 p - a scroll of magic mapping {unknown}
Potions
 d - a potion of curing {unknown}
 e - a potion of mutation {unknown}
 f - a potion of degeneration {unknown}
 m - a potion of heal wounds {unknown}
 q - a potion of might {unknown}


   Skills:
 + Level 2.9 Fighting
 * Level 3.9 Maces & Flails
 * Level 2.9 Throwing
 + Level 3.1 Dodging


You had 3 spell levels left.
You didn't know any spells.
Your spell library was empty.

Dungeon Overview and Level Annotations

Branches:
Dungeon (2/15)

Altars:


Innate Abilities, Weirdness & Mutations

Your plain brown scales are hard. (AC +5)
You cannot fit into any form of body armour.
You are cold-blooded and may be slowed by cold attacks.


Message History

The gnoll closely misses you. The gnoll misses you.
The gnoll hits you with a +0 whip.
* * * LOW HITPOINT WARNING * * *
Unknown command.
You feel drained.
You fade into invisibility!
You are very lightly contaminated with residual magic.
The gnoll hits you with a +0 flail!
* * * LOW HITPOINT WARNING * * *
The gnoll completely misses you.
Unknown command.
You barely miss the gnoll.
The gnoll is moderately wounded.
The gnoll closely misses you. The gnoll misses you.
Unknown command.
You catch the helpless gnoll completely off-guard!
You sock the gnoll!
Your tail-slap misses the gnoll.
The gnoll is almost dead.
The gnoll barely misses you. The gnoll hits you with a +0 whip.
You die...

#.########)# #.# #.###. #.#
#.# #.# #.##.. #.# #.# #.#
#.##.. #.# #># #.# #.##..
#.# #.# #.####.##.. #.####
#.# #.......... #....# #.#
######.#### ####.# #g# #.#
#.# #@# ###)# #.#
#g#########...## #.#
#.##...........# #.#
#.##.######.##.# #
####.#####.##.# #.##.# #
#.............# #.##.# #
#.########.#########.##.###
# #.# #.#............... #
#.# #.#.########......


You could see 2 gnolls.

Vanquished Creatures
  3 adders
  3 oozes
  A worm (D:2)
  2 dart slugs
  A leopard gecko (D:1)
  2 ball pythons
  4 giant cockroaches
  6 goblins
  3 hobgoblins (D:1)
  6 jackals
  9 kobolds
  6 bats
  2 frilled lizards (D:1)
  6 rats
54 creatures vanquished.

Notes
Turn   | Place    | Note
-------+----------+-------------------------------------------
     0 | D:1      | Zeld the Draconian Gladiator began the quest for the Orb.
     0 | D:1      | Reached XP level 1. HP: 17/17 MP: 1/1
   222 | D:1      | Reached XP level 2. HP: 25/25 MP: 2/2
   538 | D:1      | Reached XP level 3. HP: 18/30 MP: 3/3
  1338 | D:2      | Reached XP level 4. HP: 30/37 MP: 4/4
  1542 | D:2      | Found a faded altar of an unknown god.
  1743 | D:1      | Slain by a gnoll

Illustrated notes

Levels and vault maps discovered:
D:1:      mrwooster_arrival_statue, layout_loops_ring
D:2:      layout_rooms, chequers_ecumenical_altar_simple_redux,
          chequers_serial_rivers_room_b

Skill      XL: |  1  2  3 |
---------------+----------+-----
Throwing       | 2 |  2.9
Dodging        | 3 |  3.1
Fighting       | |  2.9
Maces & Flails | |  3.9

Action                   |  1- 3 |  4- 6 || total
-------------------------+-------+-------++-------
Melee: Flail             |    87 |    29 ||   116
       Tailslap          |     3 |     2 ||     5
Throw: Stone             |    57 |    48 ||   105
 Abil: Evoke Invisibilit |       |     1 ||     1
 Stab: Invisible         |       |     1 ||     1
Armor: Skin              |    42 |    17 ||    59
Dodge: Dodged            |   104 |    42 ||   146
